 Dungeon Crawl Stone Soup version 0.30.1-9-gdf580d7c3d (webtiles) character file.

Game seed: 2811255474370120233

29 monsoonserge the Grasshopper (level 3, -2/28 HPs)
             Began as a Demonspawn Warper on Oct 23, 2023.
             Succumbed to an adder's poison
             ... on level 2 of the Dungeon.
             The game lasted 00:02:53 (1244 turns).

monsoonserge the Grasshopper (Demonspawn Warper)    Turns: 1244, Time: 00:02:54

Health: -2/28      AC:  3    Str: 11    XL:     3   Next: 1%
Magic:  4/6        EV: 11    Int: 16    God:
Gold:   39         SH:  0    Dex: 12    Spells: 4/6 levels left

rFire   . . .        j - +0 dagger
rCold   . . .        (no shield)
rNeg    . . .        b - +0 leather armour
rPois   .            (no helmet)
rElec   .            (no cloak)
rCorr   .            (no gloves)
SInv    .            (no boots)
Will    .....        (no amulet)
Stlth   +            (no ring)
HPRegen 0.24/turn    (no ring)
MPRegen 0.10/turn

%: no passive effects
@: lethally poisoned (-2 -> -13), very slightly contaminated, invisible
A: ignite blood 1, demonic magic 1
a: no special abilities


You were on level 2 of the Dungeon.
You visited 1 branch of the dungeon, and saw 2 of its levels.

You collected 39 gold pieces.

Inventory:

Hand Weapons
 a - a +0 falchion
 j - a +0 dagger (weapon)
Missiles
 d - 7 boomerangs of dispersal (quivered)
 f - 6 poisoned darts
Armour
 b - a +0 leather armour (worn)
Scrolls
 c - a scroll of blinking
 e - 3 scrolls of teleportation {unknown}
 h - a scroll of noise {unknown}
 k - a scroll of enchant armour {unknown}
 n - a scroll of fear {unknown}
Potions
 i - a potion of heal wounds {unknown}
 l - a potion of lignification {unknown}
 m - a potion of degeneration {unknown}


   Skills:
 + Level 2.3 Fighting
 - Level 1.9 Long Blades
 + Level 0.8 Throwing
 + Level 1.3 Armour
 + Level 2.1 Dodging
 - Level 2.0 Spellcasting
 + Level 3.1 Translocations


You had 4 spell levels left.
You knew the following spells:

 Your Spells              Type           Power      Damage    Failure   Level
a - Blink                 Tloc           22%        N/A       12%         2

Your spell library contained the following spells:

 Spells                   Type           Power      Damage    Failure   Level
 Lesser Beckoning         Tloc           22%        N/A       12%         2
 Teleport Other           Tloc           11%        N/A       22%         3
 Vhi's Electric Charge    Tloc/Air       12%        N/A       41%         3
 Manifold Assault         Tloc           11%        N/A       58%         4


Dungeon Overview and Level Annotations

Branches:
Dungeon (2/15)

Altars:


Innate Abilities, Weirdness & Mutations

Your demonic aura sometimes causes spilled blood to erupt in flames.
Spells you cast may paralyse adjacent enemies.


Message History

The adder poisons you!
You barely miss the adder.
The adder is heavily wounded.
You feel sick. The adder bites you but does no damage.
You barely miss the adder.
The adder is heavily wounded.
You feel sick. The adder closely misses you.
The adder bites you but does no damage.
You hit the adder.
The adder is heavily wounded.
You feel sick. The adder bites you but does no damage.
You hit the adder.
The adder is severely wounded.
You feel sick. The adder closely misses you.
You miss the adder.
The adder is severely wounded.
You feel sick. The adder bites you but does no damage.
You hit the adder.
The adder is almost dead.
You feel sick. The adder bites you but does no damage.
You miss the adder.
The adder is almost dead.
You feel sick. The adder bites you.
* * * LOW HITPOINT WARNING * * *
You are lethally poisoned!
The adder poisons you! The adder misses you.
Unknown command.
Casting: Blink (safe; 12% risk of failure)
Confirm with . or Enter, or press ? or * to list all spells.
You miscast Blink.
You are very lightly contaminated with residual magic.
Nothing appears to happen.
* * * LOW HITPOINT WARNING * * *
You feel sick. The adder bites you.
* * * LOW HITPOINT WARNING * * *
You are more poisoned.
The adder poisons you!
It was a potion of invisibility.
You fade into invisibility!
You die...

.........##......# ...
.#...........# ..... ...
#.##........##..... ...
#.#..........#....
...###...............#
.....#....#..........#..
.....#................
.....#....)........# ...
................@..#....
.....#..........S.......
.....#..................
............#...........
[.................#.....
..............###.#.....
.....###..........# ....
..... #.......#### ....
..... #.......# ...


You could see an adder (unable to see you).

Vanquished Creatures
  A dart slug (D:1)
  3 endoplasms (D:2)
  3 goblins (D:1)
  2 hobgoblins (D:1)
  4 jackals (D:1)
  3 quokkas (D:1)
  3 bats
  A frilled lizard (D:2)
  2 kobolds
22 creatures vanquished.

Notes
Turn   | Place    | Note
-------+----------+-------------------------------------------
     0 | D:1      | monsoonserge the Demonspawn Warper began the quest for the
                  | Orb.
     0 | D:1      | Reached XP level 1. HP: 16/16 MP: 3/3
   256 | D:1      | Reached skill level 3 in Translocations
   334 | D:1      | Gained mutation: Spells you cast may paralyse adjacent
                  | enemies. [demonic ancestry]
   334 | D:1      | Reached XP level 2. HP: 19/22 MP: 5/5
   418 | D:1      | Learned a level 2 spell: Blink
   555 | D:1      | Reached skill level 1 in Armour
  1216 | D:2      | Gained mutation: Your demonic aura sometimes causes spilled
                  | blood to erupt in flames. [demonic ancestry]
  1216 | D:2      | Reached XP level 3. HP: 21/28 MP: 6/6
  1243 | D:2      | HP: 1/28 [adder (1)]
  1244 | D:2      | Succumbed to an adder's poison

Illustrated notes

Levels and vault maps discovered:
D:1:      pf_arrival_petrified_forest, layout_basic
D:2:      layout_basic

Skill      XL: |  1  2 |
---------------+-------+-----
Translocations | 3 |  3.1
Armour         | 1 |  1.3
Dodging        | 2 |  2.1
Fighting       | |  2.3
Long Blades    | |  1.9
Throwing       | |  0.8
Spellcasting   | |  2.0

Action                     || total
---------------------------++-------
  Melee: Falchion          ||    17
         Dagger            ||   108
   Cast: Blink             ||     3
    Use: Potion            ||     1
   Stab: Paralysed         ||     1
 Armour: Leather armour    ||    32
  Dodge: Dodged            ||    66
